 Dungeon Crawl Stone Soup version 0.20.0-10-g0535bb4 (webtiles) character file.

650 grindst0ne the Sneak (level 7, -8/47 HPs)
             Began as an Octopode Assassin on June 3, 2017.
             Mangled by Duvessa
             ... wielding a +0 short sword
              (12 damage)
             ... on level 4 of the Dungeon.
             The game lasted 00:09:50 (5322 turns).

grindst0ne the Sneak (Octopode Assassin)            Turns: 5322, Time: 00:09:51

Health: -8/47      AC:  1    Str: 10    XL:     7   Next: 53%
Magic:  7/7        EV: 15    Int: 14    God:
Gold:   173        SH:  5    Dex: 15    Spells: 6/6 levels left

rFire    . . .     SeeInvis .   a - +2 dagger
rCold    . . .     Gourm    .   e - +0 buckler
rNeg     . . .     Faith    .   (helmet restricted)
rPois    .         Spirit   .   (no amulet)
rElec    .         Reflect  .   (no ring)
rCorr    .         Harm     .   (no ring)
MR       .....                  (no ring)
Stlth    +++++.....             (no ring)
Regen    0.2/turn               (no ring)
MPRegen  0.1/turn               (no ring)
                                (no ring)
                                (no ring)

@: flying, very slightly contaminated, invisible
A: almost no armour, stealthy swim, amphibious, 8 rings, constrict 8, camouflage
1, gelatinous body 1
a: no special abilities


You were on level 4 of the Dungeon.
You were hungry.

You visited 1 branch of the dungeon, and saw 5 of its levels.

You collected 173 gold pieces.

Inventory:

Hand Weapons
 a - a +2 dagger (weapon)
 b - a +0 blowgun
Missiles
 c - 19 poisoned needles
 d - 2 curare-tipped needles
Armour
 e - a +0 buckler (worn)
Wands
 x - a wand of digging (4/24)
Scrolls
 g - 3 scrolls of remove curse
 h - a scroll of blinking {unknown}
 i - 2 scrolls of teleportation {unknown}
 j - 2 scrolls of identify {unknown}
 k - 2 scrolls of enchant armour {unknown}
 l - a scroll of random uselessness {unknown}
 n - 2 scrolls of enchant weapon {unknown}
 o - 3 scrolls of noise {unknown}
 u - a scroll of fog {unknown}
 v - a scroll of recharging {unknown}
 w - a scroll of fear {unknown}
Potions
 m - a potion of degeneration
Comestibles
 f - 2 bread rations
 p - 3 chunks of flesh
 r - 2 royal jellies


   Skills:
 + Level 3.9 Fighting
 + Level 4.0 Short Blades
 - Level 2.0 Throwing
 + Level 3.7 Dodging
 + Level 7.2 Stealth
 + Level 3.2 Shields


You had 6 spell levels left.
You didn't know any spells.

Dungeon Overview and Level Annotations

Branches:
Dungeon (5/15)
 Temple: D:4-7

Altars:
Zin

Annotations:
D:4 Duvessa, Robin


Innate Abilities, Weirdness & Mutations

You cannot wear most types of armour.
You are very stealthy in the water. (Stealth+)
You are amphibious.
You can wear up to eight rings at the same time.
You can use your tentacles to constrict eight enemies at once.
Your skin changes colour to match your surroundings (Stealth+).
Your rubbery body absorbs attacks. (AC +1, EV +1)


Message History

Duvessa misses you.
You hit Duvessa.
Duvessa is lightly wounded.
You constrict Duvessa, but do no damage.
Duvessa hits you with a short sword! Duvessa hits you with a short sword.
* * * LOW HITPOINT WARNING * * *
You release your grip on Duvessa.
Duvessa hits you but does no damage. Duvessa barely misses you.
Duvessa barely misses you.
It was a potion of flight.
You feel very buoyant.
You fly up into the air.
Duvessa barely misses you. x2
It was a potion of invisibility.
You fade into invisibility!
Duvessa hits you with a short sword!
* * * LOW HITPOINT WARNING * * *
You are very lightly contaminated with residual magic.
Duvessa hits you with a short sword!
You die...

#.....#...#############.#
#.......### ###.........#
#.....### #.#.###########
#..#### ##.#.######.%... #.##
#........)...... #.#
##..########..... #.#
##...#### ...... #.#
#.e.....# .#..... #.#
#@......# #.#..... #.#
##.....>.# . #e....
##.#######........#..##.....
#....[...รท..................
#....<...##.........###
#......####...........# ##
#......# ####.##.....# #.
#......# .........# #)
##.###.# ..........#####(


You could see Duvessa (berserk).

Vanquished Creatures
  Menkaure (D:4)
  Edmund (D:4)
  An ogre (D:3)
  Dowan (D:4)
  An orc wizard (D:3)
  Natasha (D:4)
  A worker ant (D:3)
  10 adders
  2 oozes
  3 worms (D:2)
  2 dart slugs (D:1)
  4 leopard geckos
  5 orcs
  A ball python (D:3)
  13 bats
  4 giant cockroaches
  8 hobgoblins
  9 frilled lizards
  17 goblins
  5 kobolds
  12 rats
102 creatures vanquished.

Notes
Turn   | Place    | Note
-------+----------+-------------------------------------------
     0 | D:1      | grindst0ne the Octopode Assassin began the quest for the Orb.
     0 | D:1      | Reached XP level 1. HP: 14/14 MP: 1/1
    91 | D:1      | Reached XP level 2. HP: 17/19 MP: 2/2
   152 | D:1      | Reached skill level 1 in Shields
   478 | D:1      | Reached XP level 3. HP: 24/24 MP: 3/3
  1556 | D:2      | Reached XP level 4. HP: 12/30 MP: 4/4
  2242 | D:2      | Found a glowing silver altar of Zin.
  2631 | D:2      | Reached XP level 5. HP: 31/35 MP: 5/5
  2818 | D:3      | Reached skill level 6 in Stealth
  4062 | D:4      | Noticed Robin
  4074 | D:4      | You fall through a shaft!
  4074 | D:5      | Entered Level 5 of the Dungeon
  4078 | D:5      | Noticed a black bear
  4082 | D:5      | Reached XP level 6. HP: 30/42 MP: 6/6
  4092 | D:4      | Noticed Menkaure
  4100 | D:4      | Killed Menkaure
  4199 | D:4      | Noticed Duvessa
  4205 | D:4      | Noticed Edmund
  4636 | D:4      | Killed Edmund
  4636 | D:4      | Reached skill level 7 in Stealth
  4636 | D:4      | Reached XP level 7. HP: 14/46 MP: 7/7
  4869 | D:4      | Noticed Natasha
  4887 | D:4      | Killed Natasha
  5285 | D:4      | Noticed Dowan
  5302 | D:4      | Killed Dowan
  5322 | D:4      | Mangled by Duvessa

Skill      XL: |  1  2  3  4  5  6  7 |
---------------+----------------------+-----
Shields        | 1 2 3 |  3.2
Dodging        | 2 3 |  3.7
Short Blades   | 3 4 |  4.0
Stealth        | 6 7 |  7.2
Fighting       | 3 |  3.9
Throwing       | |  2.0

Action                   |  1- 3 |  4- 6 |  7- 9 || total
-------------------------+-------+-------+-------++-------
Melee: Dagger            |    81 |   146 |    23 ||   250
       Constrict         |    21 |    29 |     4 ||    54
       Tentacles         |     9 |    27 |     5 ||    41
  Use: Scroll            |       |     2 |       ||     2
       Potion            |       |     2 |     4 ||     6
 Stab: Sleeping          |     5 |    18 |       ||    23
  Eat: Chunk             |     2 |     9 |     2 ||    13
Armor: Skin              |     9 |     6 |       ||    15
Dodge: Dodged            |    48 |    59 |    12 ||   119
Block: Buckler           |    13 |    16 |     6 ||    35
